[Event "Live Chess"]
[Site "Chess.com"]
[Date "2023.05.20"]
[Round "-"]
[White "WelshTiger"]
[Black "Stanbad1"]
[Result "0-1"]
[WhiteElo "2405"]
[BlackElo "2421"]
[TimeControl "300"]
[EndTime "13:09:21 PDT"]
[Termination "Stanbad1 won by resignation"]

1. e4 e6 2. Nf3 d5 3. e5 c5 4. b4 cxb4 5. a3 b3 6. cxb3 Nc6 7. d4 f6 8. exf6 Nxf6 9. Bd3 Bd6 10. O-O O-O 11. b4 Bd7 12. Nc3 Rc8 13. Bb2 h6 14. Rc1 Ng4 15. h3 Rxf3 16. Qxf3 Nh2 17. Qe3 Nxf1 18.
Rxf1 Qf6 19. Ne2 a5 20. b5 Ne7 21. a4 Nf5 22. Bxf5 Qxf5 23. Ba3 Bb4 24. Bc1 Rc2 25.
Nf4 Ra2 26. Qb3 Ra1 27. Nd3 Bd6 28. Be3 Bh2+ 29. Kxh2 Rxf1 30. Ne5 Be8 31. Qc3 Rxf2 32. Qc8 Rc2 33. Qxe8+ Kh7 34. Nf7 Qe4 35. Qh8+ Kg6 36.
Ne5+ Kh5 37. Qe8+ Kh4 38. Bg5+ Kxg5 39. Qe7+ Kh5 40. Qf7+ g6 41. Qf1 Qe2 42. Qg1 Qe4 43. Qd1+ Kg5 44. Qf1 Qf4+ 45. Qxf4+ Kxf4 46. Nxg6+ Ke4 47. Nf8 Kxd4 48. Nxe6+ Ke5 49. Nd8 d4 0-1

[Event "Live Chess"]
[Site "Chess.com"]
[Date "2023.05.20"]
[Round "-"]
[White "wot-not"]
[Black "diana21strabt"]
[Result "1/2-1/2"]
[WhiteElo "1486"]
[BlackElo "1677"]
[TimeControl "300"]
[EndTime "13:09:27 PDT"]
[Termination "Game drawn - insufficient material"]

1. e4 d5 2. e5 c5 3. f4 Nc6 4.
Nf3 Bg4 5. d4 e6 6. c3 cxd4 7.
cxd4 Qb6 8. Nc3 Bxf3 9. gxf3 Qxd4 10. Qb3 Bb4 11. Bb5 Bxc3+ 12. bxc3 Qb6 13. Bxc6+ bxc6 14. Qxb6 axb6 15. Rg1 g6 16. Be3 c5 17. Rb1 Rxa2 18. Rxb6 Ra1+ 19. Kf2 Ra2+ 20. Kg3 c4 21. Rgb1 Ra8 22.
Rb8+ Rxb8 23. Rxb8+ Kd7 24. Bc5 h5 25. Rf8 h4+ 26. Kh3 Kc6 27. Bd6 f6 28. Be7 fxe5 29. fxe5 Nxe7 30. Rxh8 Nf5 31. Rg8 d4 32. cxd4 Nxd4 33.
Rxg6 Kd5 34. Rg8 Nxf3 35. Rc8 Nxe5 36. Kxh4 Nc6 37. Ra8 c3 38. Ra1 e5 39. Kg5 e4 40. h4 e3 41. Kf4 Kd4 42. h5 c2 43.
h6 Ne7 44. Rc1 Kd3 45. h7 e2 46. Kf3 Ng6 47. Kf2 Kd2 48. Ra1 Nf4 49. h8=Q Nd3+ 50. Kg2 e1=N+ 51. Kh2 c1=Q 52. Qh6+ Kc2 53. Rxc1+ Nxc1 54. Qc6+ Kd1 55. Qxc1+ Kxc1 1/2-1/2

[Event "Live Chess"]
[Site "Chess.com"]
[Date "2023.05.20"]
[Round "-"]
[White "LodeshChess"]
[Black "HoarseyHorsey"]
[Result "0-1"]
[WhiteElo "1037"]
[BlackElo "1404"]
[TimeControl "300"]
[EndTime "13:09:31 PDT"]
[Termination "HoarseyHorsey won by checkmate"]

1. e4 c5 2. Nf3 e6 3. b3 Nc6 4.
Bb2 d5 5. e5 g6 6. Bb5 Bg7 7. O-O Ne7 8. Re1 O-O 9. d4 cxd4 10.
Nxd4 Nxd4 11. Bxd4 Nc6 12. Bb2 Qc7 13. Bxc6 bxc6 14.
Qe2 a5 15. a4 Ba6 16. Qg4 Rab8 17. Nd2 Rb4 18. Qg3 h5 19. Nf3 Rg4 20. Qh3 Rb8 21.
Rad1 Rbb4 22. Rd4 Rgxd4 23. Bxd4 c5 24. Bb2 c4 25. Re3 cxb3 26. cxb3 Qb6 27. Nd2 Qc5 28. Rc3 Qd4 29. Rc8+ Kh7 30. Bxd4 Rxd4 31. Qe3 Bxe5 32. Ra8 Bb7 33. Rxa5 Bg7 34. g3 Bc6 35. Ra6 Bd7 36.
Ra7 Bc6 37. Qf3 Rxd2 38. Qxf7 Kh6 39. Qxg7+ Kg5 40. Qh7 Rd1+ 41. Kg2 d4+ 42. Kh3 Rg1 43. Rg7 Bg2# 0-1

[Event "Live Chess"]
[Site "Chess.com"]
[Date "2023.05.20"]
[Round "-"]
[White "LL220284LL"]
[Black "Fazer180"]
[Result "1-0"]
[WhiteElo "2401"]
[BlackElo "1747"]
[TimeControl "300"]
[EndTime "13:09:36 PDT"]
[Termination "LL220284LL won by resignation"]

1. Nf3 e6 2. b3 d5 3. Bb2 Nf6 4. e3 c5 5. d4 Nc6 6. Bb5 a6 7.
Bxc6+ bxc6 8. O-O cxd4 9. Nxd4 Bb7 10. c4 c5 11. Ne2 Be7 12. cxd5 Qxd5 13. Nf4 Qd8 14.
Nc3 O-O 15. Rc1 Nd5 16. Nfxd5 exd5 17. Na4 Rc8 18. Ba3 c4 19. Bxe7 Qxe7 20. bxc4 Rxc4 21. Qb3 Rfc8 22. Rb1 Bc6 23. Nb6 Rb8 24. Nxd5 Qb7 25.
Ne7+ Kh8 26. Qxc4 Qxb1 27. Nxc6 Qb5 28. Qxb5 Rxb5 29. g4 Rb2 30. Ra1 Kg8 31. a4 f6 32.
a5 Kf7 33. Nd4 g6 34. Rc1 Ra2 35. Rc5 Ke7 36. Rc7+ Kd6 37. Rc6+ Kd5 38. Rxa6 Ke4 39. Rxf6 Rxa5 40. Rf4+ Kd3 41. Kg2 g5 42. Rf5 h6 43.
Rxa5 1-0

[Event "Live Chess"]
[Site "Chess.com"]
[Date "2023.05.20"]
[Round "-"]
[White "Doge_Dandolo"]
[Black "Tilbs_12"]
[Result "1-0"]
[WhiteElo "2018"]
[BlackElo "1560"]
[TimeControl "300"]
[EndTime "13:09:40 PDT"]
[Termination "Doge_Dandolo won by resignation"]

1. Nf3 Nf6 2. c4 c5 3. g3 Nc6 4. d4 cxd4 5. Nxd4 g6 6. Bg2 Bg7 7.
Nc3 O-O 8. O-O Qc7 9. Bf4 d6 10. Rc1 a6 11. Bg5 e5 12. Bxf6 Bxf6 13. Nd5 Qd8 14.
Nc2 Bg7 15. Qd2 Be6 16. Rfd1 Re8 17. b4 Bf8 18. e3 Rb8 19. a4 Ne7 20. Nf6+ Kg7 21.
Nxe8+ Qxe8 22. Qxd6 Bxc4 23. Qxe5+ f6 24. Qc3 Be6 25.
Nd4 Nd5 26. Nxe6+ Qxe6 27. Bxd5 1-0

[Event "Live Chess"]
[Site "Chess.com"]
[Date "2023.05.20"]
[Round "-"]
[White "chekagain"]
[Black "blunderabit"]
[Result "0-1"]
[WhiteElo "814"]
[BlackElo "1878"]
[TimeControl "300"]
[EndTime "13:09:45 PDT"]
[Termination "blunderabit won by checkmate"]

1. e4 c5 2. Nf3 d6 3. d4 cxd4 4.
Nxd4 Nf6 5. Bd3 Nc6 6. Be3 e5 7. Nxc6 bxc6 8. h3 Be6 9. Nc3 Be7 10. O-O O-O 11. Be2 d5 12. exd5 cxd5 13. g4 d4 14.
Bxd4 exd4 15. Nb5 Bc5 16. g5 Ne4 17. h4 a6 18. Na3 Bd5 19. Bd3 Qd7 20. Qh5 g6 21.
Qh6 Qg4+ 22. Kh2 Bd6+ 23. Kh1 Nxf2# 0-1

[Event "Live Chess"]
[Site "Chess.com"]
[Date "2023.05.20"]
[Round "-"]
[White "FlyingChessKestrel13"]
[Black "Hacker_2009"]
[Result "1-0"]
[WhiteElo "2133"]
[BlackElo "1905"]
[TimeControl "300"]
[EndTime "13:09:45 PDT"]
[Termination "FlyingChessKestrel13 won by resignation"]

1. e4 c5 2. d4 cxd4 3. c3 dxc3 4. Nxc3 d6 5. Bc4 Nf6 6. e5 dxe5 7. Bxf7+ Kxf7 8.
Qxd8 Nc6 9. Qd1 Bg4 10. f3 Be6 11. Nge2 1-0

[Event "Live Chess"]
[Site "Chess.com"]
[Date "2023.05.20"]
[Round "-"]
[White "ViktorTheCoolBoy"]
[Black "JoshMcK"]
[Result "1/2-1/2"]
[WhiteElo "2510"]
[BlackElo "1579"]
[TimeControl "300"]
[EndTime "13:10:00 PDT"]
[Termination "Game drawn by agreement"]

1. e4 c6 2. c4 d5 3. cxd5 cxd5 4. exd5 g6 5. Nc3 Nf6 6. Nf3 Bg7 7. Bc4 O-O 8. O-O a6 9. a4 Bf5 10. Re1 Nbd7 11. d4 Nb6 12. Bb3 Nfxd5 13. Ne5 Nxc3 14. bxc3 Bxe5 15. Rxe5 Qc7 16. Ba3 Rfe8 17. Qe1 e6 18. h4 Rac8 19. Rc1 Nd7 20. Re3 Nf6 21. f3 b5 22. g4 Bxg4 23. fxg4 Nxg4 24. Rg3 h5 25.
axb5 axb5 26. c4 bxc4 27. Rxc4 Qf4 28. Bc1 Qd6 29. Bb2 Rxc4 30. Bxc4 Rc8 31. Be2 Rc2 32.
Bxg4 Rxb2 33. Bxh5 Rb1 34. Rxg6+ fxg6 35. Qxb1 Qxd4+ 36. Kf1 gxh5 37. Qg6+ Qg7 38. Qxe6+ Qf7+ 39. Qxf7+ Kxf7 40. Kf2 Kf6 1/2-1/2

[Event "Live Chess"]
[Site "Chess.com"]
[Date "2023.05.20"]
[Round "-"]
[White "LozzaLoaf"]
[Black "matt1979"]
[Result "0-1"]
[WhiteElo "241"]
[BlackElo "1468"]
[TimeControl "300"]
[EndTime "13:10:00 PDT"]
[Termination "matt1979 won by checkmate"]

1. d4 e6 2. f3 f5 3. e4 fxe4 4.
fxe4 Nf6 5. e5 Nd5 6. Nf3 g6 7. Bg5 Be7 8. h4 b6 9. Nc3 Nxc3 10. bxc3 Bb7 11. c4 O-O 12. c5 Bxf3 13. gxf3 Bxg5 14. hxg5 Qxg5 15. Bd3 Qg3+ 16. Ke2 Qxf3+ 17. Ke1 Qxh1+ 18. Kd2 Qxd1+ 19. Kxd1 Nc6 20. d5 exd5 21. cxb6 axb6 22. Kd2 Nxe5 23. Rg1 Nxd3 24. cxd3 Rf2+ 25. Ke3 Raxa2 26. Kd4 Rf5 27. Re1 c5+ 28. Ke3 Re5+ 29. Kf3 Rxe1 30. d4 cxd4 31. Kf4 Re4+ 32. Kf3 Ra3+ 33.
Kf2 Rh4 34. Ke2 Rh2+ 35. Kd1 Ra1# 0-1

[Event "Live Chess"]
[Site "Chess.com"]
[Date "2023.05.20"]
[Round "-"]
[White "BritishIsles"]
[Black "Iggle-Piggle"]
[Result "1-0"]
[WhiteElo "2429"]
[BlackElo "1254"]
[TimeControl "300"]
[EndTime "13:10:13 PDT"]
[Termination "BritishIsles won by resignation"]

1. d4 e6 2. c4 f5 3. Nc3 Nf6 4. Qc2 Be7 5. h3 O-O 6. g4 fxg4 7. hxg4 c6 8. g5 g6 9. gxf6 Bxf6 10. Nf3 d5 11. e4 Nd7 12. e5 Bg7 13. Ng5 Qe8 14.
Nxh7 Rf5 15. Bh3 Rh5 16. Ng5 Nb6 17. c5 Nc4 18. b3 Nxe5 19. dxe5 Bxe5 20. Bd2 Qf8 21.
O-O-O 1-0

[Event "Live Chess"]
[Site "Chess.com"]
[Date "2023.05.20"]
[Round "-"]
[White "1600x"]
[Black "Inglaterra"]
[Result "1-0"]
[WhiteElo "1750"]
[BlackElo "2061"]
[TimeControl "300"]
[EndTime "13:10:28 PDT"]
[Termination "1600x won on time"]

1. Nf3 c6 2. e4 d5 3. exd5 cxd5 4.
d4 Nc6 5. Bd3 Bg4 6. c3 e6 7. h3 Bh5 8. Bf4 Bd6 9. Bxd6 Qxd6 10. Nbd2 Nf6 11. O-O O-O 12. Re1 a6 13. Qb3 b5 14. c4 dxc4 15. Bxc4 bxc4 16. Qxc4 Nb4 17. Rac1 Bg6 18. Ne5 Nbd5 19. Qc6 Qxc6 20. Nxc6 a5 21.
Nc4 Nb4 22. Ne7+ Kh8 23. Ne5 Nxa2 24. Rc7 Nb4 25. Rec1 Nbd5 26. N7xg6+ hxg6 27. Rxf7 Rxf7 28. Nxf7+ Kg8 29. Ng5 Nf4 30. Kf1 Nh7 31. Nf3 Rb8 32.
g3 Nd3 33. Rc3 Nxb2 34. Rc6 Ra8 35. Rb6 Nc4 36. Rc6 Na3 37. Rxe6 a4 38. Rxg6 Nc4 39. Rc6 a3 40. Rxc4 a2 41. Rc1 a1=Q 42. Rxa1 Rxa1+ 43.
Kg2 Nf6 44. Ne5 Ra2 45. Kf3 Nd5 46. Ke4 Nb4 47. f3 Re2+ 48. Kf4 Nd5+ 49. Kf5 Re3 50.
h4 Nf6 51. g4 Re1 52. g5 Nh5 53. Kg4 Rd1 54. Kxh5 Rxd4 55. g6 Rf4 56. Kg5 Rf6 57.
h5 Ra6 58. h6 gxh6+ 59. Kxh6 Rf6 60. Kg5 Ra6 61. f4 Kg7 62. f5 Rb6 63. Nd3 Ra6 64. Nf4 Rb6 65. f6+ Rxf6 66. Nh5+ Kg8 67. Nxf6+ Kh8 68. Nh5 Kg8 69. Kf6 Kh8 70. Ng7 Kg8 71.
Nf5 Kh8 72. Nd4 Kg8 73. g7 Kh7 74. Nf5 1-0

[Event "Live Chess"]
[Site "Chess.com"]
[Date "2023.05.20"]
[Round "-"]
[White "JohanKjeldahl"]
[Black "BostonStrangler"]
[Result "1-0"]
[WhiteElo "1837"]
[BlackElo "2043"]
[TimeControl "300"]
[EndTime "13:10:32 PDT"]
[Termination "JohanKjeldahl won by resignation"]

1. c4 g6 2. Nc3 Bg7 3. d4 c5 4. d5 Nf6 5. e4 d6 6. f3 O-O 7. Be3 b5 8. cxb5 a6 9. bxa6 Bxa6 10.
Bxa6 Nxa6 11. Nge2 Qa5 12. O-O Rfb8 13. Qd2 Nb4 14. a3 Na6 15. Rfb1 Nd7 16. b4 cxb4 17. axb4 Qc7 18. b5 Nac5 19. Rxa8 Rxa8 20. Nd4 Nb6 21. Nc6 Nc4 22. Qe1 Ra3 23. Bxc5 dxc5 24. Ne2 Nb6 25.
Qc1 c4 26. Qxa3 1-0

[Event "Live Chess"]
[Site "Chess.com"]
[Date "2023.05.20"]
[Round "-"]
[White "OleksiyJr1"]
[Black "DmitryVasliev"]
[Result "0-1"]
[WhiteElo "962"]
[BlackElo "1681"]
[TimeControl "300"]
[EndTime "13:10:35 PDT"]
[Termination "DmitryVasliev won by checkmate"]

1. e4 d6 2. Nf3 c6 3. Nc3 g6 4. d4 Bg7 5. e5 d5 6. Be3 e6 7.
Bd3 h6 8. O-O Ne7 9. h3 a6 10.
a3 Nd7 11. b4 b6 12. a4 Qc7 13. b5 a5 14. bxc6 Qxc6 15. Bb5 Qb7 16. Rb1 O-O 17. Kh2 Kh7 18. Ne2 Nf5 19. Bf4 Qc7 20. g4 Ne7 21. Rc1 Bb7 22. Nd2 Rac8 23. c4 Qd8 24. cxd5 Nxd5 25.
Rxc8 Qxc8 26. Nc4 Nxf4 27. Nd6 Qc7 28. Nxf4 Nb8 29. Nxb7 Qxb7 30. d5 Bxe5 31. Kg3 g5 32. Re1 Bxf4+ 33. Kg2 exd5 34. Qd3+ f5 35. gxf5 Rf6 36.
Re6 d4+ 37. f3 Qg7 38. Qxd4 Rxf5 39. Qxg7+ Kxg7 40. Re7+ Kf6 41. Rb7 Rc5 42. Rxb6+ Ke5 43. Rxb8 Rc2+ 44. Kf1 Kd4 45. Rd8+ Ke3 46. Re8+ Kxf3 47.
Rf8 Rc1# 0-1

[Event "Live Chess"]
[Site "Chess.com"]
[Date "2023.05.20"]
[Round "-"]
[White "Man-Del-Brot"]
[Black "alanmike75"]
[Result "0-1"]
[WhiteElo "1070"]
[BlackElo "1535"]
[TimeControl "300"]
[EndTime "13:10:37 PDT"]
[Termination "alanmike75 won on time"]

1. g4 e5 2. h4 d6 3. g5 Nc6 4.
Bg2 Bd7 5. d3 Nge7 6. Nd2 Ng6 7.
Ne4 d5 8. Nc3 d4 9. Nb1 Bb4+ 10.
Bd2 Bxd2+ 11. Nxd2 Nf4 12. Bf3 O-O 13. Nb3 f5 14.
Nc5 Rb8 15. Qd2 Ne6 16. Bd5 Qe7 17. Nxe6 Bxe6 18. Bxe6+ Qxe6 19. b3 e4 20. dxe4 fxe4 21. O-O-O Qe5 22. Kb1 Rbd8 23. Nh3 Qf5 24. Qc1 Qb5 25. Qb2 Qxe2 26. Rde1 Qf3 27. Rd1 d3 0-1

[Event "Live Chess"]
[Site "Chess.com"]
[Date "2023.05.20"]
[Round "-"]
[White "Jo1ts"]
[Black "JoeyCage"]
[Result "0-1"]
[WhiteElo "730"]
[BlackElo "2309"]
[TimeControl "300"]
[EndTime "13:10:41 PDT"]
[Termination "JoeyCage won by resignation"]

1. d4 g6 2. Bf4 Bg7 3. Nf3 c5 4. e3 Qb6 5. b3 Nc6 6. Nc3 e6 7. Bc4 cxd4 8. exd4 Nxd4 9. Be3 Nxf3+ 10. gxf3 Bxc3+ 11.
Kf1 Qc7 12. Rc1 Ne7 13. Qd3 Bg7 14. Bd4 O-O 15. Bxg7 Kxg7 16. Qd4+ f6 17. Re1 Nc6 18. Qc5 d6 19. Qe3 d5 20. Bb5 Ne5 21. f4 Nf7 22. Rg1 Nd6 23. Bd3 Nf5 24. Bxf5 exf5 25. c4 dxc4 26. bxc4 Bd7 27. Qe7+ Rf7 28. Qb4 Bc6 29.
Rg3 Qxf4 30. Re7 Rf8 31. Ree3 Rd8 32. Ke2 Qd4 33. Rd3 Qe4+ 34. Rge3 Qg4+ 35. Rf3 Rxd3 36.
Kxd3 Qxf3+ 37. Kd4 Qxf2+ 38. Kc3 Qe3+ 39. Kb2 Rd7 40.
Ka1 Rd1+ 41. Kb2 Rd2+ 42. Qxd2 Qxd2+ 43. Kb3 Qd3+ 44. Kb4 Qd6+ 45. c5 Qd4+ 46. Kb3 Bd5+ 47. Kc2 Qe3 0-1

[Event "Live Chess"]
[Site "Chess.com"]
[Date "2023.05.20"]
[Round "-"]
[White "GMHarry-youtube"]
[Black "Trendle"]
[Result "0-1"]
[WhiteElo "2109"]
[BlackElo "2673"]
[TimeControl "300"]
[EndTime "13:10:45 PDT"]
[Termination "Trendle won on time"]

1. e4 e6 2. d4 d5 3. e5 c5 4. c3 Nc6 5. Nf3 Qb6 6. Bd3 cxd4 7. O-O Bd7 8. Re1 Nge7 9. h4 a6 10. h5 g6 11. h6 Ng8 12. Bg5 Qxb2 13. Nbd2 dxc3 14.
Rb1 Qxa2 15. Nb3 Bxh6 16. Bxh6 Nxh6 17. Ra1 Qb2 18. Re2 c2 19. Bxc2 Qc3 20. Rc1 Qb4 21. Nbd4 Nf5 22. Rb1 Nfxd4 23. Rxb4 Nxe2+ 24. Qxe2 Nxb4 25.
Qd2 a5 26. Bb1 O-O-O 27. Qd4 Kb8 28. Qb6 Rc8 29. Nd2 Rc1+ 30. Kh2 Nc6 31. Bd3 Rc8 32.
Nb3 Rc3 33. Nc5 Rxc5 34. Qxc5 Rc7 35. Qf8+ Bc8 36. Qd6 b6 37. Bb5 Bb7 38. Kg3 h6 39. Qf8+ Ka7 40. Qxh6 Nxe5 41. Qf4 Rc3+ 42. f3 Nc6 43.
Qxf7 Rc5 44. Bd3 a4 45. Qxg6 a3 46. Bb1 Nb4 47. Qxe6 Rc1 48. Qf5 d4 49. Qb5 Rxb1 50.
Qa4+ Kb8 51. Qxa3 Nc6 52. Qd3 Rc1 53. f4 Rc3 54. Kf2 Rxd3 55. f5 Re3 56. f6 Ne5 57. g4 Nf7 58. g5 Nxg5 59. Kf1 Nf7 60. Kf2 Kc7 61. Kf1 Kd6 62. Kf2 Ke5 63. Kf1 Kf4 64. Kf2 b5 65. Kf1 b4 66. Kf2 b3 67.
Kf1 b2 68. Kf2 Ne5 69. Kg1 b1=Q+ 0-1

[Event "Live Chess"]
[Site "Chess.com"]
[Date "2023.05.20"]
[Round "-"]
[White "Leonid_Starozhilov"]
[Black "Hoogleboogle"]
[Result "1-0"]
[WhiteElo "2637"]
[BlackElo "1386"]
[TimeControl "300"]
[EndTime "13:10:47 PDT"]
[Termination "Leonid_Starozhilov won by checkmate"]

1. d4 Nf6 2. Bf4 e6 3. Nc3 d5 4. Nf3 c5 5. e3 cxd4 6. exd4 Nc6 7. Bb5 a6 8. Bxc6+ bxc6 9. O-O Bd6 10. Ne5 Bxe5 11.
Bxe5 a5 12. Na4 Ba6 13. Re1 O-O 14. b3 Bb5 15. Nc5 a4 16. Qf3 axb3 17. axb3 Rxa1 18.
Rxa1 Nd7 19. Qg3 f6 20. Nxe6 Qe7 21. Nxf8 Qxf8 22. Bd6 Qe8 23. Qe3 Qxe3 24. fxe3 Kf7 25. Ra7 Ke6 26. Bb4 g5 27. h3 h5 28. g4 hxg4 29.
hxg4 Nf8 30. Re7# 1-0

[Event "Live Chess"]
[Site "Chess.com"]
[Date "2023.05.20"]
[Round "-"]
[White "SupremeTactician"]
[Black "chessfiction"]
[Result "0-1"]
[WhiteElo "2366"]
[BlackElo "2429"]
[TimeControl "300"]
[EndTime "13:10:56 PDT"]
[Termination "chessfiction won by resignation"]

1. e4 d6 2. d4 Nf6 3. Nc3 c6 4.
f4 Qa5 5. Bd3 e5 6. fxe5 dxe5 7. dxe5 Ng4 8. Nf3 Bc5 9. Qe2 Bf2+ 10.
Qxf2 Nxf2 11. Kxf2 Nd7 12. Bf4 Nc5 13. Rhd1 Bg4 14. h3 Bxf3 15. gxf3 O-O-O 16. Be3 Nxd3+ 17. Rxd3 Qxe5 18. f4 Qh5 19. Kg2 Rxd3 20. cxd3 Rd8 21. Rd1 f5 22. e5 g5 23. fxg5 h6 24. gxh6 Rg8+ 25. Kh2 Qf3 26. Rg1 Rxg1 27. Bxg1 Qf4+ 28.
Kg2 Qxh6 29. d4 Qd2+ 30. Kf3 Qxb2 31. Ne2 Qxa2 32. Ng3 Qd5+ 33. Kf4 Qg2 34. Be3 Qxh3 35. Nxf5 a5 36. e6 Qh2+ 37. Ke4 Qh1+ 38. Ke5 Qd5+ 39.
Kf6 Kd8 40. e7+ Kd7 41. Ng7 Qf3+ 42. Kg6 Qxe3 43. e8=Q+ Qxe8+ 44. Nxe8 Kxe8 0-1

[Event "Live Chess"]
[Site "Chess.com"]
[Date "2023.05.20"]
[Round "-"]
[White "Wild_Tiger"]
[Black "ExIsambard"]
[Result "0-1"]
[WhiteElo "1056"]
[BlackElo "1991"]
[TimeControl "300"]
[EndTime "13:10:57 PDT"]
[Termination "ExIsambard won by resignation"]

1. d4 Nf6 2. Nf3 d5 3. e3 c6 4.
Bd3 Bg4 5. Nbd2 e6 6. b3 Bd6 7.
Bb2 Nbd7 8. O-O h5 9. h3 Qe7 10. hxg4 hxg4 11. Ne5 O-O-O 12. c4 Ne4 13. c5 Qh4 0-1

[Event "Live Chess"]
[Site "Chess.com"]
[Date "2023.05.20"]
[Round "-"]
[White "Nicckui"]
[Black "Delacorta"]
[Result "1-0"]
[WhiteElo "1774"]
[BlackElo "1446"]
[TimeControl "300"]
[EndTime "13:11:09 PDT"]
[Termination "Nicckui won by resignation"]

1. e4 e6 2. Nc3 d5 3. exd5 exd5 4. Bb5+ c6 5. Be2 Nf6 6. d4 Bd6 7. Nf3 O-O 8. Bg5 Bg4 9. O-O Nbd7 10. h3 Bxf3 11. Bxf3 Qc7 12. Bxf6 Nxf6 13. Re1 Rfe8 14. Qd3 Rxe1+ 15. Rxe1 Re8 16. Rxe8+ Nxe8 17. Qf5 g6 18. Qd3 Ng7 19. Nd1 Nf5 20. c3 Qa5 21. a3 Qb6 22.
Qd2 Bf8 23. Bg4 Ne7 24. Qe2 f5 25. Bf3 Kf7 26. g4 Qc7 27. gxf5 Nxf5 28. Bg4 Qf4 29. Bxf5 Qxf5 30. Ne3 Qxh3 31. Qg4 Qxg4+ 32. Nxg4 Bg7 33.
Kg2 h5 34. Ne3 Kf6 35. Kf3 g5 36. Ng2 Kf5 37. Ne3+ Ke6 38. Nf1 Bh6 39. Ng3 g4+ 40. Kg2 h4 41. Ne2 Bc1 42. Nxc1 Kf5 43. f3 Kf4 44.
Ne2+ Ke3 45. fxg4 Ke4 46. Kh3 1-0

[Event "Live Chess"]
[Site "Chess.com"]
[Date "2023.05.20"]
[Round "-"]
[White "EdvancedChess"]
[Black "Nazar_777"]
[Result "1-0"]
[WhiteElo "1900"]
[BlackElo "1575"]
[TimeControl "300"]
[EndTime "13:11:20 PDT"]
[Termination "EdvancedChess won by checkmate"]

1. e4 e6 2. Nf3 a6 3. d4 h5 4. c4 c5 5. d5 Nf6 6. Nc3 Qc7 7. e5 Ng8 8. d6 Qd8 9. Be3 Nc6 10.
Bxc5 Qa5 11. Be3 Qd8 12. Qb3 Nh6 13. Bb6 Ng4 14. Bxd8 Nxd8 15. h3 Nh6 16. Bd3 Nc6 17.
Ne4 Nf5 18. Nc5 Rb8 19. Nxa6 bxa6 20. Qa4 Rb7 21. b3 Rb8 22. Bxf5 exf5 23. O-O a5 24. Rfe1 g6 25. Rad1 Bb7 26. Nd4 Bh6 27. Nxc6 Bxc6 28. Qxa5 Rd8 29. b4 O-O 30. b5 Ra8 31. Qb4 Bb7 32. a4 g5 33. c5 g4 34. hxg4 hxg4 35. a5 Bf4 36. a6 Be4 37. Rxe4 fxe4 38. Qxe4 Bg5 39. Qxg4 f6 40. exf6 Kf7 41. Qxd7+ Kxf6 42. Qe7+ Kg6 43. Qe6+ Bf6 44. Qe4+ Kg7 45. c6 Rh8 46. d7 Rh6 47. c7 Rah8 48. g3 Rh1+ 49. Qxh1 Rxh1+ 50. Kxh1 Kg6 51. d8=Q Bxd8 52. cxd8=Q Kf5 53. Qd4 Kg6 54. Re1 Kf5 55. Re5+ Kg6 56. Qd6+ Kf7 57. Re7+ Kg8 58. Qd8# 1-0

[Event "Live Chess"]
[Site "Chess.com"]
[Date "2023.05.20"]
[Round "-"]
[White "Lewstar1"]
[Black "booktrunk"]
[Result "0-1"]
[WhiteElo "453"]
[BlackElo "1290"]
[TimeControl "300"]
[EndTime "13:11:25 PDT"]
[Termination "booktrunk won by resignation"]

1. e4 d5 2. Nf3 dxe4 3. Ng5 Bf5 4. d3 exd3 5. Bxd3 Bxd3 6. Qxd3 Qxd3 7. cxd3 h6 8. Ne4 Nc6 9. Bf4 O-O-O 10. Nbc3 g5 11. Be3 Rxd3 12. Nc5 Rd6 13. N5e4 Re6 14. Nc5 Re5 15. Nd3 Ra5 16. b4 Ra3 17. Nb5 Rxd3 18.
Bxa7 Nxa7 19. Nxa7+ Kb8 20. Nb5 e6 21. O-O Bxb4 22. Rfd1 Rxd1+ 23. Rxd1 Nf6 24. h3 Re8 25. Kh2 c6 26. Nd4 Bc5 27. Nb3 Bxf2 28. Rd2 Bb6 29.
g4 Nd5 30. Kg3 f5 31. gxf5 exf5 32. h4 Re3+ 33. Kf2 Rxb3+ 34. Ke2 gxh4 35. axb3 Nf4+ 36. Kf3 Nd5 37. Kg2 Bc7 38. Kh3 Bd8 39. Rd1 f4 40. Rf1 Kc7 41. Rg1 Kb6 42. Rg6 Bg5 43. Kg4 Kb5 44.
Rg7 Ne7 45. Rf7 Kb4 46. Rf8 Kxb3 47. Rb8 b5 48. Rb6 Kc4 0-1

[Event "Live Chess"]
[Site "Chess.com"]
[Date "2023.05.20"]
[Round "-"]
[White "Ian-Morley"]
[Black "friarnator"]
[Result "0-1"]
[WhiteElo "975"]
[BlackElo "1987"]
[TimeControl "300"]
[EndTime "13:11:46 PDT"]
[Termination "friarnator won by checkmate"]

1. e4 e5 2. Nf3 Nc6 3. Bc4 Nf6 4. Ng5 d5 5. exd5 Nd4 6. c3 b5 7. cxd4 bxc4 8. Nc3 exd4 9. Nce4 Nxe4 10. Nxe4 Qxd5 11.
Qe2 Be6 12. b3 d3 13. Qd1 Qxe4+ 14. Kf1 Bc5 15. Qe1 Qf5 16. Bb2 O-O 17. Rg1 Rfe8 18.
bxc4 Bxc4 19. Qd1 Qxf2# 0-1

[Event "Live Chess"]
[Site "Chess.com"]
[Date "2023.05.20"]
[Round "-"]
[White "OSmith06"]
[Black "Richardallis"]
[Result "0-1"]
[WhiteElo "1659"]
[BlackElo "1824"]
[TimeControl "300"]
[EndTime "13:11:47 PDT"]
[Termination "Richardallis won by resignation"]

1. e4 d5 2. exd5 Nf6 3. Nf3 Nxd5 4. d4 Bg4 5. Be2 Nd7 6. c4 N5f6 7. O-O e6 8. Nc3 c6 9. h3 Bxf3 10.
Bxf3 Bd6 11. Re1 O-O 12. a3 a5 13. Be3 Rc8 14. Ne4 Nxe4 15. Bxe4 Nf6 16. Bc2 h6 17. Qd3 Bb8 18. d5 cxd5 19. cxd5 Qxd5 20. Qxd5 Nxd5 21. Be4 Nxe3 22. Rxe3 b6 23. Rd3 Rfd8 24. Rad1 Rxd3 25. Rxd3 Rc1+ 0-1

[Event "Live Chess"]
[Site "Chess.com"]
[Date "2023.05.20"]
[Round "-"]
[White "Missedidea"]
[Black "LiamBellwood"]
[Result "0-1"]
[WhiteElo "1728"]
[BlackElo "2056"]
[TimeControl "300"]
[EndTime "13:11:51 PDT"]
[Termination "LiamBellwood won by checkmate"]

1. d4 e6 2. c4 f5 3. Nc3 Nf6 4. g3 Bb4 5. Bg2 O-O 6. Bd2 d6 7. Nf3 Bxc3 8. Bxc3 Ne4 9. Qc2 Nd7 10. Bb4 a5 11. Ba3 Re8 12. O-O e5 13. b3 Qf6 14.
Bb2 Qh6 15. dxe5 Nxe5 16. Nxe5 dxe5 17. Bxe4 fxe4 18. Qxe4 Bh3 19. Rfd1 c6 20. c5 Re6 21. Rd6 Rae8 22. Rad1 Qf6 23. Bc3 Bf5 24. Qe3 Qe7 25. Bxa5 Rxd6 26. Rxd6 e4 27. Bc3 Ra8 28. a4 Qf7 29.
Bd4 Be6 30. Qg5 Bxb3 31. Rd8+ Rxd8 32. Qxd8+ Qf8 33. Qb6 Bxa4 34. Qxb7 Bb5 35. e3 h6 36.
Kg2 Qf3+ 37. Kg1 Qd1+ 38. Kg2 Bf1+ 39. Kg1 Bh3# 0-1

[Event "Live Chess"]
[Site "Chess.com"]
[Date "2023.05.20"]
[Round "-"]
[White "tuppyglossop"]
[Black "TheSmoulderingMaster"]
[Result "1-0"]
[WhiteElo "1605"]
[BlackElo "1739"]
[TimeControl "300"]
[EndTime "13:11:56 PDT"]
[Termination "tuppyglossop won by checkmate"]

1. e4 c5 2. Nf3 d6 3. d4 cxd4 4.
Nxd4 Nf6 5. Nc3 g6 6. Be3 Bg7 7. h3 O-O 8. Be2 Nc6 9. O-O Bd7 10. f4 Qc8 11. e5 dxe5 12. Nxc6 Bxc6 13. fxe5 Ne4 14.
Nxe4 Bxe4 15. Bd3 Bxd3 16. Qxd3 Bxe5 17. c3 Rd8 18. Qe4 Bf6 19. Rad1 Qc7 20. Bf4 Qa5 21. a3 Qb5 22. Bc1 Qb3 23. Rxd8+ Rxd8 24. Qe2 Rd6 25. Bh6 Qb6+ 26. Kh1 Bg7 27. Bxg7 Kxg7 28. Qxe7 Re6 29. Qxf7+ Kh6 30. Qf4+ Kg7 31. Qf8# 1-0

[Event "Live Chess"]
[Site "Chess.com"]
[Date "2023.05.20"]
[Round "-"]
[White "McSlash1"]
[Black "Bot_Boy"]
[Result "1-0"]
[WhiteElo "2059"]
[BlackElo "330"]
[TimeControl "300"]
[EndTime "13:12:03 PDT"]
[Termination "McSlash1 won by checkmate"]

1. e4 c6 2. d4 d5 3. Nc3 e6 4. e5 Bb4 5. Bd3 Qa5 6. Bd2 Bxc3 7. bxc3 Na6 8. f4 b5 9. Nf3 Bd7 10. O-O c5 11. c4 b4 12. cxd5 exd5 13. c4 Be6 14. f5 Bd7 15. cxd5 g6 16. e6 Bb5 17.
Bxb5+ Qxb5 18. fxg6 hxg6 19. Ng5 f6 20. Nf7 Rh5 21.
Nd6+ Ke7 22. Nxb5 Rxd5 23. dxc5 Rxc5 24. Bxb4 Nxb4 25. Qd7+ Kf8 26. Qf7# 1-0